 Dungeon Sprint DCSS version 0.22-a0-42-g002c468 (webtiles) character file.

343070 Kidiri the Invulnerable (level 19, -1/207 HPs)
             Began as a Minotaur Fighter on Jan 5, 2018.
             Was the Champion of the Shining One.
             Killed from afar by an orb of fire (36 damage)
             ... with a bolt of fire
             ... in the Dungeon (Sprint IX: "|||||||||||||||||||||||||||||").
             The game lasted 00:35:24 (11118 turns).

Kidiri the Invulnerable (Minotaur Fighter)         Turns: 11118, Time: 00:35:24

Health: -1/207     AC: 37    Str: 37      XL:     19   Next: 82%
Magic:  22/30      EV: 20    Int:  5      God:    the Shining One [******]
Gold:   242        SH: 56    Dex:  9 (11) Spells: 18/18 levels left

rFire    + . .     SeeInvis +   P - +9 eudemon blade (holy)
rCold    + + +     Gourm    .   B - +5 large shield
rNeg     + + +     Faith    .   q - +4 plate armour of Gravity {Str+2}
rPois    +         Spirit   .   G - +2 hat
rElec    +         Reflect  +   F - scarf {cloud immunity}
rCorr    .         Harm     .   c - +2 pair of gloves
MR       ++...     Clarity  +   a - +2 pair of boots Stlth ++........NoTele +
                                E - brooch of Shielding {Reflect SH+8}
HPRegen  0.44/turn              s - ring "Kuez" {rPois rF+ rC++ SInv}
MPRegen  0.22/turn              A - ring "Ypniukh" {rElec rC+ MR+}

@: mighty, divine shield, glowing
A: retaliatory headbutt, horns 2, clarity, deterioration 1, low mp 1, screaming
1, shaggy fur 1, strong 1, subdued magic 1
}: 5/15 runes: decaying, serpentine, barnacled, silver, gossamer
a: Divine Shield, Cleansing Flame, Summon Divine Warrior, Renounce Religion


You were in the Dungeon.
You worshipped the Shining One.
The Shining One was exalted by your worship.
You were not hungry.

You visited 1 branch You collected 1974 gold pieces.
You spent 1732 gold pieces at shops.

Inventory:

Hand Weapons
 P - a +9 eudemon blade of holy wrath (weapon)
Missiles
 r - 53 javelins (quivered)
 w - 3 poisoned javelins
 x - a poisoned tomahawk
 J - 8 silver javelins
 K - 3 throwing nets
 M - 4 steel javelins
 N - 3 exploding tomahawks
Armour
 a - a +2 pair of boots (worn)
 c - a +2 pair of gloves (worn)
 m - a +1 cloak
 q - the +4 plate armour of Gravity (worn) {Str+2}
   (You found it in the Dungeon)

   It affects your strength (+2).
 B - a +5 large shield (worn)
 F - a scarf of cloud immunity (worn)
 G - a +2 hat (worn)
Jewellery
 s - the ring "Kuez" (left hand) {rPois rF+ rC++ SInv}
   (You found it in the Dungeon)

   [ring of protection from fire]

   It protects you from fire.
   It greatly protects you from cold.
   It protects you from poison.
   It lets you see invisible.
 A - the ring "Ypniukh" (right hand) {rElec rC+ MR+}
   (You found it in the Dungeon)

   [ring of protection from magic]

   It protects you from cold.
   It insulates you from electricity.
   It affects your resistance to hostile enchantments.
 E - the brooch of Shielding (around neck) {Reflect SH+8}
   (You bought it in a shop in the Dungeon)

   [amulet of reflection]

   It shields you and reflects attacks.
   It affects your SH (+8).
Wands
 p - a wand of iceblast (10)
Scrolls
 j - 2 scrolls of fog
 k - 5 scrolls of blinking
 n - 8 scrolls of remove curse
 o - 3 scrolls of amnesia
 u - 5 scrolls of fear
 v - 4 scrolls of identify
 Q - 5 scrolls of enchant weapon
Potions
 b - a potion of brilliance
 d - 3 potions of might
 e - 8 potions of curing
 g - 6 potions of heal wounds
 h - 10 potions of haste
 i - 5 potions of magic
 C - 2 potions of agility
Comestibles
 f - 4 rations


   Skills:
 O Level 27 Fighting
 O Level 27 Long Blades
 + Level 23.0 Throwing
 O Level 27 Armour
 + Level 24.7 Dodging
 + Level 21.6 Stealth
 O Level 27 Shields
 + Level 23.0 Invocations
 + Level 20.7 Evocations


You had 18 spell levels left.
You didn't know any spells.

Dungeon Overview and Level Annotations

Branches:
Dungeon (1/1)

Altars:
Cheibriados
Dithmenos
Elyvilon
Fedhas
Gozag
Hepliaklqana
Kikubaaqudgha
Makhleb
Nemelex Xobeh
Okawaru
Qazlal
Ru
Sif Muna
Trog
Uskayaw
Vehumet
Wu Jian
Xom
Yredelemnul
Zin
The Shining One
Beogh
Jiyva
Lugonu

Shops:
D [(=%


Innate Abilities, Weirdness & Mutations

You reflexively headbutt those who attack you in melee.
You have a pair of horns on your head.
You possess an exceptional clarity of mind.
Your body sometimes deteriorates upon taking damage.
Your magical capacity is low. (-10% MP)
You occasionally shout uncontrollably at your foes.
You are covered in fur. (AC +1)
Your muscles are strong. (Str +2)
Your spells are a little easier to cast, but a little less powerful.


Message History

You closely miss the orb of fire. Your headbutt misses the orb of fire.
The orb of fire is severely damaged.
Unknown command.
You feel much better.
The orb of fire glows red.
The fireball explodes!
The fireball engulfs you! You resist.
* * * LOW HITPOINT WARNING * * *
Your body deteriorates!
You feel clumsy.
The fireball engulfs the orb of fire.
The orb of fire completely resists.
You feel much better.
The purple draconian stormcaller utters an invocation to Qazlal.
Unknown command.
You are momentarily dazzled by a brilliant light.
You feel somewhat more hungry.
The purple draconian stormcaller prays to Qazlal.
Unknown command.
You swap places.
The orb of fire glows bright magenta.
The bolt of fire hits your daeva. The bolt of fire hits you! You resist.
You die...

.♣.▓)▓.▓)▓.▓'▓.▓.▓
.♣.▓.▓.▓.▓.▓)▓.▓.▓
[♣.▓.▓)▓.▓.▓.▓.▓.▓
[♣.▓(▓.▓.▓.▓)▓.▓+▓
.♣.▓.▓.▓[▓.▓.▓.▓.▓
.♣.▓.▓.▓[▓.▓.▓.▓+▓
.♣.▓.▓.▓[▓.▓.▓.▓.▓
.♣.▓.▓.▓[▓.▓.▓.▓+▓
.♣.▓.▓.▓[▓.▓'▓.▓@▓
'▓.▓(▓.▓[▓.▓)▓.▓A▓
.▓.▓'▓.▓[▓.▓%▓.▓*▓
.▓.▓)▓.▓.▓.▓)▓.▓q▓
.▓.▓)▓.▓.▓.▓)▓.▓k▓
.▓.▓)▓)▓.▓.▓)▓.▓*▓
.▓.▓)▓.▓.▓.▓)▓.▓k▓
.▓.▓)▓.▓.▓.▓.▓.▓(▓
.▓.▓)▓.▓.▓.▓%▓.▓.▓


You could see 2 orbs of fire, a purple draconian stormcaller, a death drake, a
swamp drake and a friendly daeva.

Vanquished Creatures
  3 ancient liches (D)
  Mara (D)
  Mennas (D)
  3 orbs of fire (D)
  Sojobo (D)
  Boris (D)
  Saint Roka (D)
  Margery (D)
  5 golden dragons (D)
  Jory (D)
  An electric golem (D)
  3 tentacled monstrosities (D)
  Rupert (D)
  15 Orb Guardians (D)
  2 titans (D)
  Frances (D)
  Gastronok (D)
  2 death cobs (D)
  A sphinx (D)
  7 shadow dragons (D)
  A thorn hunter (D)
  2 tengu reavers (D)
  Donald (D)
  4 nagarajas (D)
  6 storm dragons (D)
  A draconian knight (D)
  A fire giant (D)
  Ilsuiw (D)
  3 vault wardens (D)
  A draconian stormcaller (D)
  4 frost giants (D)
  3 draconian scorchers (D)
  6 emperor scorpions (D)
  3 ghost moths (D)
  3 ironheart preservers (D)
  A draconian shifter (D)
  3 very ugly things (D)
  8 stone giants (D)
  Azrael (D)
  3 black draconians (D)
  3 green draconians (D)
  5 yellow draconians (D)
  2 dire elephants (D)
  A red draconian (D)
  2 white draconians (D)
  A spark wasp (D)
  4 merfolk javelineers (D)
  An ettin (D)
  4 merfolk impalers (D)
  4 fire dragons (D)
  3 minotaurs (D)
  A yaktaur captain (D)
  3 great orbs of eyes (D)
  7 ice dragons (D)
  A rakshasa (D)
  3 naga warriors (D)
  25 vault guards (D)
  7 hydras (D)
  A death knight (D)
  3 merfolk avatars (D)
  A centaur warrior (D)
  2 merfolk aquamancers (D)
  An anaconda (D)
  An alligator (D)
  A deep troll shaman (D)
  2 ogre magi (D)
  5 tengu warriors (D)
  A vampire mage (D)
  2 shock serpents (D)
  2 hell knights (D)
  Nergalle (D)
  7 swamp dragons (D)
  2 ironbrand convokers (D)
  A deep elf archer (D)
  A naga ritualist (D)
  2 orc knights (D)
  4 necromancers (D)
  5 ugly things (D)
  10 orc sorcerers (D)
  3 manticores (D)
  11 moths of wrath (D)
  2 cyclopes (D)
  4 wolf spiders (D)
  3 guardian serpents (D)
  6 elephants (D)
  3 black mambas (D)
  A merfolk siren (D)
  5 naga magi (D)
  A water nymph (D)
  A torpor snail (D)
  7 spiny frogs (D)
  A vault sentinel (D)
  5 freezing wraiths (D)
  A gargoyle (D)
  2 yaktaurs (D)
  An efreet (D)
  A komodo dragon (D)
  2 demonic crawlers (D)
  2 tengu conjurers (D)
  A tyrant leech (D)
  A hornet (D)
  2 jumping spiders (D)
  4 merfolk (D)
  4 slime creatures (D)
  2 snapping turtles (D)
  2 hippogriffs (D)
  A redback (D)
  2 tarantellas (D)
  A spriggan (D)
  A wraith (D)
  2 vampire mosquitoes (D)
  2 basilisks (D)
  4 fire elementals (D)
  Grum (D)
  3 nagas (D)
  A warg (D)
  2 acid dragons (D)
  A hell hound (D)
  An insubstantial wisp (D)
  A water moccasin (D)
  2 porcupines (D)
  11 orc warriors (D)
  A black bear (D)
  2 wolves (D)
  A centaur (D)
  3 crocodiles (D)
  A scorpion (D)
  A wight (D)
  4 orc priests (D)
  8 orc wizards (D)
  3 worker ants (D)
  2 shadow imps (D)
  2 leopard geckos (D)
  10 orcs (D)
  A ball python (D)
  3 bats (D)
  A jackal (D)
  A quokka (D)
  A quokka skeleton (D)
  2 rats (D)
401 creatures vanquished.

Vanquished Creatures (collateral kills)
  A tentacled monstrosity (D)
  A draconian stormcaller (D)
  A draconian annihilator (D)
  A green draconian (D)
  A black draconian (D)
  2 moths of wrath (D)
7 creatures vanquished.

Vanquished Creatures (others)
  Nikola (D)
  2 stone giants (D)
  Nessos (D)
  A naga mage (D)
5 creatures vanquished.

Grand Total: 413 creatures vanquished

Notes
Turn   | Place    | Note
-------+----------+-------------------------------------------
     0 | D        | Kidiri the Minotaur Fighter began the quest for the Orb.
     0 | D        | Reached XP level 1. HP: 19/19 MP: 0/0
   136 | D        | Reached skill level 1 in Dodging
   136 | D        | Reached skill level 1 in Stealth
   136 | D        | Reached XP level 2. HP: 20/28 MP: 1/1
   159 | D        | Found a roughly hewn altar of Beogh.
   159 | D        | Found a snail-covered altar of Cheibriados.
   159 | D        | Found a shadowy altar of Dithmenos.
   159 | D        | Found a white marble altar of Elyvilon.
   159 | D        | Found a blossoming altar of Fedhas.
   159 | D        | Found an opulent altar of Gozag.
   160 | D        | Found a hazy altar of Hepliaklqana.
   161 | D        | Found a viscous altar of Jiyva.
   162 | D        | Found an ancient bone altar of Kikubaaqudgha.
   163 | D        | Found a corrupted altar of Lugonu.
   164 | D        | Found a burning altar of Makhleb.
   165 | D        | Found a sparkling altar of Nemelex Xobeh.
   166 | D        | Found an iron altar of Okawaru.
   167 | D        | Found a stormy altar of Qazlal.
   168 | D        | Found a sacrificial altar of Ru.
   169 | D        | Found a deep blue altar of Sif Muna.
   170 | D        | Found a bloodstained altar of Trog.
   171 | D        | Found a hide-covered altar of Uskayaw.
   172 | D        | Found a radiant altar of Vehumet.
   173 | D        | Found an ornate altar of the Wu Jian Council.
   174 | D        | Became a worshipper of Warmaster Okawaru
   264 | D        | Found a shimmering altar of Xom.
   265 | D        | Found a basalt altar of Yredelemnul.
   266 | D        | Found a glowing silver altar of Zin.
   267 | D        | Found a glowing golden altar of the Shining One.
   320 | D        | Noticed a wight
   320 | D        | Noticed a centaur
   320 | D        | Noticed a scorpion
   322 | D        | Killed a wight
   322 | D        | Reached skill level 5 in Fighting
   322 | D        | Reached skill level 5 in Armour
   322 | D        | Reached skill level 5 in Shields
   322 | D        | Reached skill level 1 in Invocations
   322 | D        | Reached XP level 3. HP: 36/36 MP: 2/2
   324 | D        | Reached skill level 5 in Long Blades
   324 | D        | Reached XP level 4. HP: 44/44 MP: 2/4
   331 | D        | Killed a centaur
   331 | D        | Reached * piety under Okawaru
   331 | D        | Reached XP level 5. HP: 51/51 MP: 2/5
   376 | D        | Noticed a gargoyle
   376 | D        | Noticed a vampire mosquito
   376 | D        | Noticed an efreet
   376 | D        | Noticed a black bear
   385 | D        | Reached skill level 1 in Throwing
   385 | D        | Reached XP level 6. HP: 43/60 MP: 4/7
   396 | D        | Killed a gargoyle
   396 | D        | Reached XP level 7. HP: 45/69 MP: 5/8
   397 | D        | Killed a vampire mosquito
   405 | D        | Killed an efreet
   405 | D        | Reached ** piety under Okawaru
   405 | D        | Reached skill level 5 in Dodging
   407 | D        | Reached XP level 8. HP: 35/78 MP: 4/10
   707 | D        | Noticed a spiny frog
   707 | D        | Noticed a hippogriff
   707 | D        | Noticed a spiny frog
   707 | D        | Noticed a hippogriff
   707 | D        | Noticed a spiny frog
   712 | D        | Killed a spiny frog
   712 | D        | Reached skill level 10 in Fighting
   712 | D        | Reached skill level 10 in Armour
   714 | D        | Killed a hippogriff
   714 | D        | Reached *** piety under Okawaru
   714 | D        | Reached skill level 10 in Shields
   714 | D        | Reached skill level 5 in Invocations
   715 | D        | Reached skill level 5 in Stealth
   716 | D        | Noticed a spiny frog
   721 | D        | Killed a spiny frog
   721 | D        | Reached skill level 10 in Long Blades
   722 | D        | Noticed a black mamba
   730 | D        | Killed a hippogriff
   730 | D        | Reached **** piety under Okawaru
   730 | D        | Reached skill level 5 in Throwing
   730 | D        | Reached XP level 9. HP: 64/86 MP: 10/12
   734 | D        | Killed a spiny frog
   739 | D        | Killed a spiny frog
   745 | D        | Killed a black mamba
   745 | D        | Reached ***** piety under Okawaru
   831 | D        | Noticed a black mamba
   831 | D        | Noticed a torpor snail
   900 | D        | Killed a black mamba
   907 | D        | Killed a torpor snail
   911 | D        | Received a gift from Okawaru
   911 | D        | Reached XP level 10. HP: 36/97 MP: 13/13
   926 | D        | Noticed a spiny frog
  1163 | D        | Killed a spiny frog
  1211 | D        | Noticed an elephant
  1211 | D        | Noticed an elephant
  1211 | D        | Noticed an elephant
  1211 | D        | Noticed a dire elephant
  1211 | D        | Noticed an elephant
  1211 | D        | Noticed a dire elephant
  1212 | D        | Noticed an elephant
  1217 | D        | Killed an elephant
  1217 | D        | Received a gift from Okawaru
  1218 | D        | Noticed an elephant
  1231 | D        | Killed a dire elephant
  1231 | D        | Received a gift from Okawaru
  1239 | D        | Killed an elephant
  1249 | D        | Killed a dire elephant
  1249 | D        | Received a gift from Okawaru
  1250 | D        | Got a crude chain mail {god gift}
  1256 | D        | Killed an elephant
  1260 | D        | Killed an elephant
  1260 | D        | Reached XP level 11. HP: 90/107 MP: 11/15
  1307 | D        | Identified the +2 chain mail of Gurhum {*Contam +Inv MR+ Str+2} (Okawaru gifted it to you in the Dungeon)
  1448 | D        | Noticed Grum
  1455 | D        | Killed Grum
  1597 | D        | Noticed an orc knight
  1609 | D        | Noticed an orc sorcerer
  1618 | D        | Killed an orc knight
  1618 | D        | Reached skill level 1 in Evocations
  1635 | D        | Killed an orc sorcerer
  1764 | D        | Found Luaqyl's Antique Armour Emporium.
  1764 | D        | Noticed an orc sorcerer
  1764 | D        | Noticed an orc sorcerer
  1764 | D        | Noticed an orc sorcerer
  1764 | D        | Noticed an orc sorcerer
  1764 | D        | Noticed an orc sorcerer
  1767 | D        | Killed an orc sorcerer
  1768 | D        | Found Ceitsynga's Antique Weapon Shoppe.
  1769 | D        | Noticed an orc sorcerer
  1769 | D        | Killed an orc sorcerer
  1771 | D        | Noticed an orc sorcerer
  1773 | D        | Killed an orc sorcerer
  1774 | D        | Found Moduschaduh's Jewellery Emporium.
  1774 | D        | Noticed an orc sorcerer
  1776 | D        | Noticed a sun demon
  1776 | D        | Killed an orc sorcerer
  1785 | D        | Killed an orc sorcerer
  1793 | D        | Found Gan Geso's Food Shoppe.
  1794 | D        | Killed an orc sorcerer
  1798 | D        | Killed an orc sorcerer
  1801 | D        | Noticed an orc sorcerer
  1803 | D        | Killed an orc sorcerer
  1809 | D        | Killed an orc sorcerer
  1809 | D        | Received a gift from Okawaru
  1873 | D        | Bought a +4 ring of strength for 351 gold pieces
  1873 | D        | Bought the brooch of Shielding {Reflect SH+8} for 1381 gold pieces
  1873 | D        | Found the brooch of Shielding {Reflect SH+8}
  1959 | D        | Noticed Gastronok
  1971 | D        | Killed Gastronok
  1971 | D        | Received a gift from Okawaru
  1971 | D        | Reached skill level 15 in Fighting
  1971 | D        | Reached skill level 15 in Armour
  1971 | D        | Reached XP level 12. HP: 119/119 MP: 10/17
  2264 | D        | Reached skill level 15 in Shields
  2275 | D        | Noticed a rakshasa
  2277 | D        | Noticed a tengu warrior
  2279 | D        | Noticed a tengu warrior
  2279 | D        | Reached skill level 15 in Long Blades
  2281 | D        | Noticed a fire dragon
  2283 | D        | Reached skill level 10 in Dodging
  2305 | D        | Noticed an ice dragon
  2306 | D        | Noticed a centaur warrior
  2321 | D        | Killed a rakshasa
  2324 | D        | Noticed a stone giant
  2337 | D        | Killed a tengu warrior
  2344 | D        | Killed a tengu warrior
  2355 | D        | Killed a fire dragon
  2364 | D        | Killed an ice dragon
  2369 | D        | Killed a stone giant
  2372 | D        | Killed a centaur warrior
  2554 | D        | Noticed Nessos
  2557 | D        | Killed Nessos
  2557 | D        | Reached skill level 5 in Evocations
  2623 | D        | Noticed an emperor scorpion
  2630 | D        | Killed a ghost moth
  2630 | D        | Received a gift from Okawaru
  2663 | D        | Killed an emperor scorpion
  2663 | D        | Reached skill level 10 in Invocations
  2667 | D        | Reached XP level 13. HP: 53/130 MP: 3/19
  2670 | D        | Received a gift from Okawaru
  2947 | D        | Received a gift from Okawaru
  3043 | D        | Noticed a thorn hunter
  3047 | D        | Killed a thorn hunter
  3047 | D        | Reached skill level 10 in Throwing
  3058 | D        | Received a gift from Okawaru
  3083 | D        | Reached skill level 10 in Stealth
  3232 | D        | Received a gift from Okawaru
  3268 | D        | Gained mutation: You are frail. (-10% HP) [potion of mutation]
  3268 | D        | Gained mutation: You are agile. (Dex +2) [potion of mutation]
  3268 | D        | Gained mutation: Your flesh is cold resistant. (rC+) [potion of mutation]
  3269 | D        | Lost mutation: You are agile. (Dex +2) [potion of mutation]
  3269 | D        | Lost mutation: You are frail. (-10% HP) [potion of mutation]
  3269 | D        | Lost mutation: Your flesh is cold resistant. (rC+) [potion of mutation]
  3269 | D        | Gained mutation: Your muscles are strong. (Str +2) [potion of mutation]
  3269 | D        | Gained mutation: Your mind is acute. (Int +2) [potion of mutation]
  3269 | D        | Gained mutation: You are covered in fur. (AC +1) [potion of mutation]
  3629 | D        | Noticed Saint Roka
  3658 | D        | Killed Saint Roka
  3720 | D        | Noticed Frances
  3739 | D        | Killed Frances
  3739 | D        | Received a gift from Okawaru
  3794 | D        | Noticed a white very ugly thing
  3794 | D        | Noticed a frost giant
  3794 | D        | Noticed a storm dragon
  3807 | D        | Killed a white very ugly thing
  3807 | D        | Reached XP level 14. HP: 144/144 MP: 14/21
  3809 | D        | Noticed a stone giant
  3810 | D        | Noticed a red very ugly thing
  3818 | D        | Noticed a stone giant
  3821 | D        | Noticed a stone giant
  3826 | D        | Killed a frost giant
  3837 | D        | Killed a storm dragon
  3838 | D        | Noticed a stone giant
  3844 | D        | Received a gift from Okawaru
  3850 | D        | Killed a stone giant
  3857 | D        | Killed a red very ugly thing
  3863 | D        | Killed a stone giant
  3865 | D        | Noticed a stone giant
  3869 | D        | Killed a stone giant
  3870 | D        | Killed a stone giant
  3872 | D        | Killed a stone giant
  3897 | D        | Noticed a stone giant
  3900 | D        | Killed a stone giant
  3900 | D        | Received a gift from Okawaru
  4141 | D        | Received a gift from Okawaru
  4142 | D        | Noticed a vault warden
  4143 | D        | Noticed an ironheart preserver
  4155 | D        | Noticed a storm dragon
  4161 | D        | Killed an ironheart preserver
  4161 | D        | Reached ****** piety under Okawaru
  4161 | D        | Received a gift from Okawaru
  4162 | D        | Noticed a sphinx
  4172 | D        | Killed a vault warden
  4173 | D        | Noticed an ironheart preserver
  4191 | D        | Killed a storm dragon
  4195 | D        | Killed an ironheart preserver
  4201 | D        | Killed a sphinx
  4201 | D        | Received a gift from Okawaru
  4351 | D        | Noticed Jory
  4367 | D        | Killed Jory
  4367 | D        | Received a gift from Okawaru
  4367 | D        | Reached XP level 15. HP: 121/155 MP: 23/23
  4393 | D        | Noticed Donald
  4405 | D        | Killed Donald
  4405 | D        | Received a gift from Okawaru
  4436 | D        | Noticed Nergalle
  4444 | D        | Killed Nergalle
  4651 | D        | Noticed Mara
  4657 | D        | Noticed Kidiri's illusion
  4679 | D        | Killed Mara
  4707 | D        | Noticed Mennas
  4987 | D        | Killed Mennas
  4987 | D        | Reached skill level 10 in Evocations
  4989 | D        | Noticed Boris
  5006 | D        | Killed Boris
  5013 | D        | Noticed Azrael
  5264 | D        | Killed Azrael
  5303 | D        | Noticed Ilsuiw
  5319 | D        | Killed Ilsuiw
  5358 | D        | Got a barnacled rune of Zot
  5410 | D        | Reached skill level 15 in Dodging
  5431 | D        | Received a gift from Okawaru
  5434 | D        | Reached XP level 16. HP: 169/169 MP: 20/25
  5450 | D        | Got a decaying rune of Zot
  5521 | D        | Received a gift from Okawaru
  5627 | D        | Got a gossamer rune of Zot
  5713 | D        | Received a gift from Okawaru
  5750 | D        | Got a serpentine rune of Zot
  5984 | D        | Noticed Rupert
  5989 | D        | Noticed Margery
  5995 | D        | Killed Rupert
  6003 | D        | Killed Margery
  7125 | D        | Fell from the grace of Okawaru
  7125 | D        | Became a worshipper of the Shining One
  8168 | D        | Reached * piety under the Shining One
  8175 | D        | Reached ** piety under the Shining One
  8197 | D        | Reached skill level 15 in Invocations
  8205 | D        | Reached skill level 15 in Throwing
  8260 | D        | Reached *** piety under the Shining One
  8278 | D        | Reached **** piety under the Shining One
  8313 | D        | Reached XP level 17. HP: 179/182 MP: 27/27
  8377 | D        | Gained mutation: You occasionally shout uncontrollably at your foes. [mutagenic glow]
  8582 | D        | Reached ***** piety under the Shining One
  8582 | D        | Noticed a golden dragon
  8592 | D        | Reached ****** piety under the Shining One
  8600 | D        | Killed a golden dragon
  8629 | D        | Noticed an Orb Guardian
  8637 | D        | Killed an Orb Guardian
  8648 | D        | Reached skill level 15 in Stealth
  8667 | D        | Identified a +6 eudemon blade of holy wrath (a +4 demon blade blessed by the Shining One)
  8667 | D        | Received a gift from the Shining One
  8830 | D        | Noticed a titan
  8831 | D        | Noticed a tentacled monstrosity
  8849 | D        | Killed a titan
  8854 | D        | Killed a tentacled monstrosity
  8909 | D        | Got a silver rune of Zot
  8911 | D        | Got an ancient silver amulet
  8916 | D        | Identified the amulet "Qygeje" {Gourm *Contam Int+4} (You found it in the Dungeon)
  8924 | D        | Got a polished plate armour
  8935 | D        | Identified the +4 plate armour of Gravity {Str+2} (You found it in the Dungeon)
  9211 | D        | Noticed Nikola
  9225 | D        | Killed Nikola
  9300 | D        | Noticed a titan
  9303 | D        | Killed a titan
  9439 | D        | Noticed Sojobo
  9490 | D        | Killed Sojobo
  9768 | D        | Got the ring of Paan {Fire +Inv rElec rN+}
  9770 | D        | Got the ring "Wellemn" {rF+ rC- rN++ Int+4}
  9772 | D        | Got the ring "Kuez" {rPois rF+ rC++ SInv}
  9774 | D        | Got the amulet of Busi {RegenMP Stlth+}
  9776 | D        | Got the ring "Ypniukh" {rElec rC+ MR+}
 10012 | D        | Noticed a golden dragon
 10020 | D        | Reached XP level 18. HP: 194/198 MP: 26/29
 10026 | D        | Killed a golden dragon
 10115 | D        | Noticed a tentacled monstrosity
 10138 | D        | Killed a tentacled monstrosity
 10138 | D        | Reached skill level 27 in Armour
 10154 | D        | Reached skill level 27 in Fighting
 10154 | D        | Reached skill level 27 in Shields
 10156 | D        | Reached skill level 27 in Long Blades
 10156 | D        | Reached skill level 15 in Evocations
 10349 | D        | Noticed a tentacled monstrosity
 10378 | D        | Killed a tentacled monstrosity
 10450 | D        | Noticed a golden dragon
 10450 | D        | Noticed a tentacled monstrosity
 10450 | D        | Noticed a golden dragon
 10456 | D        | Killed a golden dragon
 10457 | D        | Killed a golden dragon
 10459 | D        | Killed a tentacled monstrosity
 10603 | D        | Noticed an Orb Guardian
 10603 | D        | Noticed an Orb Guardian
 10603 | D        | Noticed an Orb Guardian
 10603 | D        | Noticed an Orb Guardian
 10603 | D        | Noticed an Orb Guardian
 10603 | D        | Noticed an Orb Guardian
 10607 | D        | Killed an Orb Guardian
 10610 | D        | Killed an Orb Guardian
 10612 | D        | Noticed an Orb Guardian
 10615 | D        | Killed an Orb Guardian
 10622 | D        | Killed an Orb Guardian
 10627 | D        | Killed an Orb Guardian
 10633 | D        | Killed an Orb Guardian
 10634 | D        | Noticed an Orb Guardian
 10639 | D        | Noticed an Orb Guardian
 10640 | D        | Killed an Orb Guardian
 10647 | D        | Killed an Orb Guardian
 10657 | D        | Killed an Orb Guardian
 10657 | D        | Reached XP level 19. HP: 207/207 MP: 32/32
 10672 | D        | Noticed a golden dragon
 10693 | D        | Killed a golden dragon
 10813 | D        | Noticed an ancient lich
 10819 | D        | Killed an ancient lich
 10823 | D        | Noticed an orb of fire
 10834 | D        | Gained mutation: Your spells are a little easier to cast, but a little less powerful. [an orb of fire]
 10839 | D        | Killed an orb of fire
 10989 | D        | Noticed an electric golem
 10998 | D        | Killed an electric golem
 11063 | D        | Noticed an orb of fire
 11063 | D        | Noticed an ancient lich
 11066 | D        | Lost mutation: Your mind is acute. (Int +2) [an orb of fire]
 11068 | D        | Gained mutation: You possess an exceptional clarity of mind. [an orb of fire]
 11069 | D        | Noticed an orb of fire
 11071 | D        | Killed an orb of fire
 11075 | D        | Killed an ancient lich
 11078 | D        | Noticed an ancient lich
 11078 | D        | Gained mutation: Your body sometimes deteriorates upon taking damage. [an orb of fire]
 11081 | D        | Noticed an orb of fire
 11086 | D        | Killed an orb of fire
 11092 | D        | Killed an ancient lich
 11099 | D        | Gained mutation: Your magical capacity is low. (-10% MP) [an orb of fire]
 11114 | D        | Noticed an orb of fire
 11115 | D        | HP: 3/207 [orb of fire/fireball (37)]
 11118 | D        | Killed from afar by an orb of fire

Vault maps used:
D:        linesprint

Skill      XL: |  1  2  3  4  5  6  7  8  9 10 11 12 13 14 15 16 17 18 19 |
---------------+----------------------------------------------------------+-----
Fighting       | 4 5 6 7 8 9 10 12 13 15 16 18 20 22 24 26 27 | 27.0
Armour         | 4 5 6 7 8 9 10 12 13 15 16 18 20 22 24 26 27 | 27.0
Shields        | 4 5 6 7 8 9 10 11 13 14 16 18 20 22 24 26 27 | 27.0
Long Blades    | 3 4 5 6 8 9 10 11 13 14 16 18 20 21 24 26 27 | 27.0
Dodging        | 1 2 3 4 5 6 7 8 9 10 12 13 15 16 18 21 24 | 24.7
Stealth        | 1 2 3 4 5 6 7 8 9 10 11 13 14 15 19 21 | 21.6
Invocations    | 1 2 3 4 5 6 7 8 10 11 12 13 15 16 20 23 | 23.0
Throwing       | 1 2 3 5 6 7 8 9 11 12 13 15 16 20 23 | 23.0
Evocations     | 3 5 7 9 11 12 14 17 20 | 20.7

Action                   |  1- 3 |  4- 6 |  7- 9 | 10-12 | 13-15 | 16-18 | 19-21 || total
-------------------------+-------+-------+-------+-------+-------+-------+-------++-------
Melee: Long sword        |    27 |       |       |       |       |       |       ||    27
       Headbutt          |     3 |    10 |    20 |    97 |   151 |   194 |    37 ||   512
       Scimitar          |     3 |    32 |    59 |   306 |   135 |   173 |       ||   708
       Demon blade       |       |       |       |       |   339 |    74 |       ||   413
       Eudemon blade     |       |       |       |       |       |   364 |   147 ||   511
Throw: Tomahawk          |       |       |       |     8 |    29 |    10 |       ||    47
       Javelin           |       |       |       |       |    13 |    85 |     6 ||   104
Invok: Heroism           |       |     1 |     5 |    13 |    15 |     3 |       ||    37
       Finesse           |       |       |     1 |    12 |    15 |     3 |       ||    31
       Divine Shield     |       |       |       |       |       |     9 |     4 ||    13
       Cleansing Flame   |       |       |       |       |       |     4 |       ||     4
       Brand Weapon With |       |       |       |       |       |     1 |       ||     1
       Summon Divine War |       |       |       |       |       |     1 |     1 ||     2
 Abil: Evoke Invisibilit |       |       |       |       |     1 |       |       ||     1
  Use: Potion            |     1 |       |     1 |     4 |     3 |     4 |     4 ||    17
       Scroll            |       |       |       |       |     6 |     3 |       ||     9
 Stab: Sleeping          |       |       |     1 |     1 |     2 |     1 |       ||     5
       Invisible         |       |       |       |       |     8 |       |       ||     8
       Distracted        |       |       |       |       |     1 |       |       ||     1
  Eat: Chunk             |       |       |       |     3 |     6 |     4 |     1 ||    14
       Ration            |       |       |       |     1 |     3 |     2 |     1 ||     7
Armor: Scale mail        |     8 |     4 |    10 |    14 |       |       |       ||    36
       Chain mail        |       |       |       |    27 |    31 |    10 |       ||    68
       Plate armour      |       |       |       |       |       |    43 |    13 ||    56
Dodge: Dodged            |     6 |     7 |    23 |    45 |    49 |    53 |    20 ||   203
Block: Shield            |    14 |    12 |    29 |    57 |       |       |       ||   112
       Large shield      |       |       |       |   106 |   272 |   574 |   117 ||  1069
       Reflection        |       |       |       |     5 |    18 |    13 |     2 ||    38
       Rpst.: Long sword |     2 |       |       |       |       |       |       ||     2
       Scimitar          |       |     1 |     5 |     9 |     2 |     1 |       ||    18
       Demon blade       |       |       |       |       |     1 |     1 |       ||     2
       Eudemon blade     |       |       |       |       |       |     1 |     1 ||     2

Table legend:
 A = Spawn XP
 B = Non-spawn XP
 C = Spawn XP percentage of total XP
 D = Spawn monster count
 E = Non-spawn monster count
 F = Spawn count percentage of total count
 G = Total turns spent on level
                    A         B        C        D         E        F      G
               +---------+---------+-------+---------+---------+-------+---------
         Total |       0 |  457676 |   0.0 |       0 |     398 |   0.0 | 11118
               +---------+---------+-------+---------+---------+-------+---------
             D |       0 |  457676 |   0.0 |       0 |     398 |   0.0 | 11118
               +---------+---------+-------+---------+---------+-------+---------
